 Dungeon Crawl Stone Soup version 0.29.1-2-gbd0b4ee654 (webtiles) character file.

Game seed: 1183648789653788460

93 Ihaveafatcat the Chopper (level 4, -6/40 HPs)
             Began as a Hill Orc Fighter on Nov 21, 2022.
             Mangled by an ogre
             ... wielding a +0 giant spiked club
              (28 damage)
             ... on level 3 of the Dungeon.
             The game lasted 00:04:08 (2218 turns).

Ihaveafatcat the Chopper (Hill Orc Fighter)         Turns: 2218, Time: 00:04:08

Health: -6/40      AC:  8    Str: 17    XL:     4   Next: 61%
Magic:  4/4        EV:  9    Int:  7    God:
Gold:   94         SH:  5    Dex: 14    Spells: 3/3 levels left

rFire   . . .      SeeInvis .   a - +0 war axe
rCold   . . .      Faith    .   c - +0 buckler
rNeg    . . .      Spirit   .   b - +0 scale mail
rPois   .          Reflect  .   e - +0 helmet
rElec   .          Harm     .   (no cloak)
rCorr   .          Rampage  .   (no gloves)
Will    .....      Clarity  +   (no boots)
Stlth   ..........              (no amulet)
HPRegen 0.13/turn               (no ring)
MPRegen 0.09/turn               (no ring)

@: no status effects
A: agile 1, clarity, weak 1
a: no special abilities


You were on level 3 of the Dungeon.
You visited 1 branch of the dungeon, and saw 3 of its levels.

You collected 94 gold pieces.

Inventory:

Hand Weapons
 a - a +0 war axe (weapon)
Armour
 b - a +0 scale mail (worn)
 c - a +0 buckler (worn)
 e - a +0 helmet (worn)
Jewellery
 j - a ring of poison resistance
Scrolls
 f - a scroll of vulnerability {unknown}
Potions
 d - a potion of might
 g - a potion of flight {unknown}
 k - 4 potions of heal wounds
 l - 2 potions of curing


   Skills:
 + Level 4.3 Fighting
 + Level 4.5 Axes
 + Level 3.9 Armour
 + Level 0.2 Dodging
 + Level 3.6 Shields


You had 3 spell levels left.
You didn't know any spells.
Your spell library was empty.

Dungeon Overview and Level Annotations

Branches:
Dungeon (3/15)

Altars:
Vehumet


Innate Abilities, Weirdness & Mutations

You are agile. (Dex +4, Str/Int -1)
You possess an exceptional clarity of mind.
You are weak. (Str -2)


Message History

There are monsters nearby!
The endoplasm closely misses you.
There are monsters nearby!
You slash the endoplasm!
You kill the endoplasm!
A kobold is nearby!
Found 12 gold pieces.
The kobold hits you but does no damage.
A kobold is nearby!
You slash the kobold!
You kill the kobold!
Things that are here:
a +0 club; 5 stones; a kobold corpse An orc comes into view.
It is wielding a +0 dagger.
The orc shouts!
You hear a shout!
An ogre comes into view. It is wielding a +0 giant spiked club.
The ogre shouts!
You slash the ogre!
The ogre is moderately wounded.
The ogre hits you but does no damage.
There are monsters nearby!
You hit the ogre but do no damage.
The ogre is moderately wounded.
You slash the orc!
You kill the orc!
The ogre closely misses you.
An ogre is nearby!
You barely miss the ogre.
The ogre is moderately wounded.
The ogre completely misses you.
An ogre is nearby!
You barely miss the ogre.
The ogre is moderately wounded.
The ogre hits you with a +0 giant spiked club.
An ogre is nearby!
You slash the ogre!
The ogre is heavily wounded.
The ogre hits you with a +0 giant spiked club!
The ogre hits you with a +0 giant spiked club!!
Ouch! That really hurt!
You die...

#.#.#.....#
.#.#......#
#.#.......#
#........#
#........#
#...8.)..#
##8...8..#
#........#
#.......@#
#.#....).O#
.............
.#.#....$..###
.#........#
#........#
##8...8..#
...8....#


You could see an ogre.

Vanquished Creatures
  3 adders (D:2)
  4 worms (D:2)
  An orc (D:3)
  6 bats
  4 endoplasms
  4 giant cockroaches (D:1)
  4 goblins (D:1)
  3 hobgoblins
  4 jackals (D:1)
  4 kobolds
  A quokka (D:1)
  5 ball pythons
  6 frilled lizards
  3 rats
52 creatures vanquished.

Vanquished Creatures (others)
  5 plants (D:1)
5 creatures vanquished.

Grand Total: 57 creatures vanquished

Notes
Turn   | Place    | Note
-------+----------+-------------------------------------------
     0 | D:1      | Ihaveafatcat the Hill Orc Fighter began the quest for the
                  | Orb.
     0 | D:1      | Reached XP level 1. HP: 19/19 MP: 1/1
    12 | D:1      | Found a faded altar of an unknown god.
    96 | D:1      | Reached XP level 2. HP: 27/27 MP: 2/2
   412 | D:1      | Reached XP level 3. HP: 32/33 MP: 3/3
  1066 | D:1      | Prayed at the altar of an unknown god.
  1066 | D:1      | Became a worshipper of Vehumet
  1066 | D:1      | Reached * piety under Vehumet
  1066 | D:1      | Offered knowledge of Shock by Vehumet.
  1076 | D:1      | Fell from the grace of Vehumet
  1348 | D:2      | Reached XP level 4. HP: 23/40 MP: 4/4
  1866 | D:2      | Gained mutation: You are agile. (Dex +4, Str/Int -1)
                  | [potion of mutation]
  1866 | D:2      | Gained mutation: You are weak. (Str -2) [potion of
                  | mutation]
  1866 | D:2      | Gained mutation: You possess an exceptional clarity of
                  | mind. [potion of mutation]
  2211 | D:3      | Noticed an ogre
  2218 | D:3      | Mangled by an ogre

Illustrated notes

Levels and vault maps discovered:
D:1:      minmay_arrival_diagonal_passages, layout_basic,
          hellmonk_ecumenical_altar_pennies_from_heaven, serial_bayou_lagoon_a,
          kennysheep_another_room
D:2:      layout_rooms, minmay_pentomino_x4
D:3:      wad_pebble_path, layout_basic,
          mainiacjoe_overflow_concentric_impassable, uniq_ijyb

Skill      XL: |  1  2  3 |
---------------+----------+-----
Axes           | 3 4 |  4.5
Fighting       | 4 |  4.3
Armour         | |  3.9
Dodging        | |  0.2
Shields        | |  3.6

Action                   |  1- 3 |  4- 6 || total
-------------------------+-------+-------++-------
Melee: War axe           |    92 |    37 ||   129
Invok: Renounce Religion |     1 |       ||     1
  Use: Scroll            |       |     8 ||     8
       Potion            |       |     5 ||     5
Armor: Scale mail        |    47 |    20 ||    67
Dodge: Dodged            |    47 |    17 ||    64
Block: Buckler           |    19 |     7 ||    26
